AoeStats
← _The_Lion

Arabia

506020137Analyzed
1v1 RM · 21d ago on Sep 12, 2026· 30m 33s· 2 players
Game mode
Random Map
Map size
Tiny (2 player)
Population
200
Speed
Normal
Resources
Standard
Victory
Conquest
Starting age
Dark Age
Ending age
Imperial Age
RankedLock teamsTeams togetherTeam positionsShared explorationLock speedFull tech treeHidden civsTurbo modeCheats
Victory
Defeat
🇨🇦 Burgundians · Canada
1622
+17
🇨🇳 Shu · China
1651
-17
_The_Lion
6:34 Loom
9:03 Feudal Age
9:56 Double-Bit Axe
18:15 Castle Age
17:19 Bow Saw
16:52 Horse Collar
18:05 Fletching
28:02 Wheelbarrow
看谁不爽肘谁
7:36 Loom
10:39 Feudal Age
15:24 Castle Age
Connection lost

Rejoining the realm…

Still unreachable

The connection could not be restored.

Session expired

The server has moved on; the page needs a fresh start.